AoeStats
← Mannschaft Marnix

Glade

503448201Analyzed
1v1 RM · 2mo ago on Aug 31, 2026· 60m 29s· 2 players
Game mode
Random Map
Map size
Tiny (2 player)
Population
200
Speed
Normal
Resources
Standard
Victory
Conquest
Starting age
Dark Age
Ending age
Imperial Age
RankedLock teamsTeams togetherTeam positionsShared explorationLock speedFull tech treeHidden civsTurbo modeCheats
Victory
Defeat
🇳🇱 Poles · Netherlands
730
+16
vs
🇮🇪 Franks · Ireland
736
-16
Mannschaft Marnix
12:30 Feudal Age
17:23 Castle Age
15:52 Double-Bit Axe
16:32 Gold Mining
16:43 Stone Mining
23:03 Scale Barding Armor
23:09 Forging
24:18 Pikeman
26:04 Husbandry
26:44 Horse Collar
28:12 Bloodlines
29:28 Heavy Plow
30:58 Squires
32:11 Wheelbarrow
32:12 Chain Barding Armor
31:53 Scale Mail Armor
37:14 Imperial Age
36:24 Hand Cart
38:23 Conscription
37:36 Cavalier
39:00 Iron Casting
40:15 Chemistry
39:17 Elite Obuch
44:29 Ballistics
44:15 Siege Engineers
44:06 Murder Holes
45:26 Bow Saw
55:31 Szlachta Privileges
57:48 Blast Furnace
57:03 Chain Mail Armor
TackOffNinja
10:56 Feudal Age
10:52 Loom
11:48 Double-Bit Axe
17:02 Castle Age
17:04 Stone Mining
17:13 Gold Mining
17:41 Pikeman
18:52 Bow Saw
21:39 Husbandry
22:49 Squires
25:49 Scale Barding Armor
34:39 Imperial Age
32:48 Wheelbarrow
31:59 Town Watch
36:27 Ballistics
37:08 Chemistry
36:46 Cavalier
37:37 Scale Barding Armor
37:43 Forging
37:34 Scale Mail Armor
37:53 Halberdier
38:20 Arson
38:36 Fletching
40:23 Chain Barding Armor
40:54 Iron Casting
41:31 Conscription
41:47 Hoardings
45:15 Plate Barding Armor
44:36 Bodkin Arrow
48:31 Chivalry
48:58 Light Cavalry
50:34 Capped Ram
Connection lost

Rejoining the realm…

Still unreachable

The connection could not be restored.

Session expired

The server has moved on; the page needs a fresh start.